 Dungeon Crawl Stone Soup version 0.30-a0-4-ga7cffc901d (webtiles) character file.

Game seed: 10127048129260676281

3588 frimble the Martial Artist (level 9, -2/74 HPs)
             Began as a Demonspawn Earth Elementalist on Aug 20, 2022.
             Was a Believer of Cheibriados.
             Slain by an eight-headed hydra (9 damage)
             ... on level 8 of the Dungeon.
             The game lasted 00:10:22 (10798 turns).

frimble the Martial Artist (DsEE)                  Turns: 10798, Time: 00:10:22

Health: -2/74      AC:  5    Str: 16      XL:     9   Next: 85%
Magic:  0/12       EV: 15    Int: 20 (21) God:    Cheibriados [**....]
Gold:   541        SH:  0    Dex: 20      Spells: 12/12 levels left

rFire   . . .      SeeInvis .      - Unarmed
rCold   . . .      Faith    .    (no shield)
rNeg    . . .      Spirit   +    d - +1 leather armour "Felot" {*Slow Regen+ rCorr Str+2}
rPois   .          Reflect  .    s - +0 helmet
rElec   .          Harm     .    (no cloak)
rCorr   +          Rampage  .    (no gloves)
Will    +....                    (no boots)
Stlth   ++........               z - amulet of guardian spirit
HPRegen 1.02/turn                k - ring of willpower
MPRegen 0.13/turn                (no ring)

@: very slow
A: repulsion field 2, foul stench 1, demonic touch 1
a: Renounce Religion, Bend Time


You were on level 8 of the Dungeon.
You worshipped Cheibriados.
Cheibriados was pleased with you.
You visited 2 branches of the dungeon, and saw 9 of its levels.

You collected 541 gold pieces.

Inventory:

Hand Weapons
 m - a +0 short sword of freezing
Missiles
 h - 3 throwing nets
Armour
 d - the +1 leather armour "Felot" (worn) {*Slow Regen+ rCorr Str+2}
   (You found it on level 2 of the Dungeon)

   Str:       It affects your strength (+2).
   Regen:     It increases your rate of health regeneration.
   rCorr:     It protects you from acid and corrosion.
   *Slow:     It may slow you when you take damage.
 s - a +0 helmet (worn)
Jewellery
 a - a ring of flight
 k - a ring of willpower (left hand)
 z - an amulet of guardian spirit (around neck)
Wands
 l - a wand of iceblast (3)
 t - a wand of flame (18)
 y - a wand of paralysis (13)
Scrolls
 f - a scroll of butterflies
 j - a scroll of enchant armour
 n - 3 scrolls of enchant weapon
 r - a scroll of brand weapon
 u - a scroll of identify
 v - 4 scrolls of teleportation
 w - 2 scrolls of magic mapping
 B - a scroll of silence
Potions
 b - a potion of magic
 c - 3 potions of flight
 e - a potion of attraction
 g - a potion of degeneration
 i - 3 potions of curing
 o - 5 potions of lignification
 p - 3 potions of brilliance
 q - 3 potions of mutation
 x - a potion of resistance
 A - a potion of heal wounds


   Skills:
 - Level 8.0 Fighting
 - Level 1.7 Short Blades
 + Level 2.1 Dodging
 - Level 1.8 Stealth
 + Level 9.3 Unarmed Combat
 - Level 2.0 Spellcasting
 - Level 2.4 Transmutations
 - Level 2.7 Earth Magic
 + Level 3.5 Invocations
 + Level 2.6 Evocations


You had 12 spell levels left.
You didn't know any spells.
Your spell library contained the following spells:

 Spells                   Type           Power      Damage    Failure   Level
 Sandblast                Erth           26%        2d8       6%          1
 Passwall                 Tmut/Erth      10%        N/A       10%         2
 Magic Dart               Conj           8%         1d3       19%         1
 Ensorcelled Hibernation  Hex/Ice        4%         N/A       28%         2
 Poisonous Vapours        Pois/Air       4%         N/A       28%         2
 Searing Ray              Conj           4%         2d4       28%         2
 Stone Arrow              Conj/Erth      14%        3d7       32%         3
 Spider Form              Tmut/Pois      6%         N/A       34%         3
 Ignite Poison            Fire/Tmut/Pois 5%         N/A       38%         3
 Mephitic Cloud           Conj/Pois/Air  2%         N/A       50%         3
 Portal Projectile        Hex/Tloc       4%         N/A       50%         3
 Tukima's Dance           Hex            2%         N/A       50%         3
 Petrify                  Tmut/Erth      12%        N/A       54%         4
 Anguish                  Hex/Necr       1%         N/A       88%         4
 Corpse Rot               Necr/Pois/Air  2%         N/A       88%         4
 Fulminant Prism          Conj/Hex       1%         3d6       88%         4
 Blade Hands              Tmut           5%         N/A       89%         5
 Freezing Cloud           Conj/Ice/Air   1%         6-21      99%         5


Dungeon Overview and Level Annotations

Branches:
Dungeon (8/15)             Temple (1/1) D:5
   Lair: D:8-11

Altars:
Ashenzari
Cheibriados
Dithmenos
Kikubaaqudgha
Makhleb
Nemelex Xobeh
Okawaru
Qazlal
Sif Muna
Trog
Uskayaw
Vehumet
Wu Jian
Xom
Yredelemnul

Shops:
D:7 ::

Annotations:
D:5 2 transporters, drugrobin's ghost, weakling DgDe
D:8 Maurice


Innate Abilities, Weirdness & Mutations

You are surrounded by a moderate repulsion field. (EV +3)
You may rarely emit foul miasma when damaged in melee.
Your touch may inflict minor irresistible damage on your foes.


Message History

The quasit gives a chilling moan.
Found a leather armour.
An eight-headed hydra comes into view.
An eight-headed hydra is nearby!
Maurice the Thief comes into view.
He is wielding a +0 dagger and carrying a wand of iceblast (8).
The eight-headed hydra closely misses you.
The eight-headed hydra bites you.
The eight-headed hydra barely misses you.
The eight-headed hydra bites you!
You emit a cloud of foul miasma!
The eight-headed hydra barely misses you.
The eight-headed hydra misses you.
The eight-headed hydra bites you but does no damage.
The eight-headed hydra closely misses you.
The eight-headed hydra is engulfed in dark miasma.
The eight-headed hydra seems to slow down.
The eight-headed hydra barely misses you.
The eight-headed hydra bites you! The eight-headed hydra bites you. x2
The eight-headed hydra misses you. The eight-headed hydra bites you.
The eight-headed hydra barely misses you. x2
You are too injured to fight recklessly!
You are too injured to fight recklessly!
You are too injured to fight recklessly!
You are too injured to fight recklessly!
You punch the eight-headed hydra!
The eight-headed hydra is moderately wounded.
You punch the eight-headed hydra!
The eight-headed hydra is heavily wounded.
Maurice gestures wildly while chanting.
Maurice blinks!
The eight-headed hydra is engulfed in dark miasma.
The eight-headed hydra is poisoned.
The eight-headed hydra closely misses you.
The eight-headed hydra bites you!
The eight-headed hydra bites you but does no damage.
The eight-headed hydra bites you! x2
* * * LOW HITPOINT WARNING * * *
The eight-headed hydra bites you!
* * * LOW HITPOINT WARNING * * *
The eight-headed hydra bites you!
You die...

## ### #.# #.# #..###
#.# ### #...#### .##
#.# #.....## ## #.#
#......# .####.##
##.....@#
.......###...####D...#
...........### .....#
.######..### .......
.# #.## #ยง##... .##
#.# .# #. ..## #.# .#
...####.### .#
##...#....####


You could see an eight-headed hydra (poisoned, slow).

Vanquished Creatures
  Psyche (D:8)
  A hornet (D:7)
  3 yaks (D:7)
  A water moccasin (D:6)
  2 orc warriors
  3 ice beasts
  A black bear (D:5)
  A sky beast (D:6)
  A centaur (D:6)
  A phantom (D:6)
  A kobold brigand (D:6)
  A bullfrog (D:7)
  3 necrophages
  A gnoll sergeant (D:5)
  6 scorpions
  4 wights (D:8)
  3 howler monkeys
  A hound (D:4)
  2 orc priests
  A gnoll bouda (D:5)
  6 iguanas
  9 orc wizards
  9 gnolls
  5 adders
  A white imp (D:5)
  An ufetubus (D:5)
  2 worms (D:3)
  2 dart slugs
  25 orcs
  9 ball pythons
  9 bats
  2 endoplasms
  2 giant cockroaches
  10 goblins
  6 hobgoblins
  12 jackals
  10 kobolds
  2 quokkas (D:4)
  3 frilled lizards
  7 rats
170 creatures vanquished.

Vanquished Creatures (others)
  28 plants (D:5)
28 creatures vanquished.

Grand Total: 198 creatures vanquished

Notes
Turn   | Place    | Note
-------+----------+-------------------------------------------
     0 | D:1      | frimble the Demonspawn Earth Elementalist began the quest
                  | for the Orb.
     0 | D:1      | Reached XP level 1. HP: 13/13 MP: 3/3
   142 | D:1      | Reached skill level 1 in Transmutations
   238 | D:1      | Found a faded altar of an unknown god.
   260 | D:1      | Gained mutation: You are surrounded by a mild repulsion
                  | field. (EV +2) [demonic ancestry]
   260 | D:1      | Reached XP level 2. HP: 12/19 MP: 0/5
   938 | D:1      | Reached XP level 3. HP: 24/24 MP: 4/6
  1154 | D:1      | Reached skill level 1 in Fighting
  2566 | D:2      | Identified the +1 leather armour "Felot" {*Slow Regen+
                  | rCorr Str+2}
  2650 | D:2      | Reached skill level 1 in Short Blades
  2913 | D:2      | Gained mutation: Your touch may inflict minor irresistible
                  | damage on your foes. [demonic ancestry]
  2913 | D:2      | Reached XP level 4. HP: 25/33 MP: 5/7
  3084 | D:3      | Noticed a necrophage
  3094 | D:3      | Killed a necrophage
  3095 | D:3      | Reached skill level 1 in Unarmed Combat
  3212 | D:3      | Reached XP level 5. HP: 33/39 MP: 8/8
  4091 | D:4      | Reached skill level 2 in Unarmed Combat
  4418 | D:4      | Reached XP level 6. HP: 36/47 MP: 9/9
  5082 | D:5      | Entered Level 5 of the Dungeon
  5082 | D:5      | Noticed an ice beast
  5091 | D:4      | Killed an ice beast
  5092 | D:4      | Reached skill level 3 in Unarmed Combat
  5417 | D:4      | Reached XP level 7. HP: 52/55 MP: 10/10
  5591 | D:5      | Reached skill level 4 in Unarmed Combat
  5849 | D:5      | Reached skill level 5 in Fighting
  6014 | D:5      | Found a staircase to the Ecumenical Temple.
  6483 | D:5      | Identified the ring of Afoycwami {rElec rPois rCorr Int-5
                  | Dex+6}
  6857 | D:5      | Found a transporter.
  6863 | D:5      | Found a transporter.
  6950 | D:5      | Reached skill level 5 in Unarmed Combat
  7099 | D:5      | Identified the +7 spear "Seposef" {pain, rElec}
  7099 | D:5      | Identified the +2 buckler of the Jumping Gods {rN+}
  7196 | D:5      | Noticed drugrobin's ghost (weakling DgDe)
  7307 | D:6      | Gained mutation: You are surrounded by a moderate repulsion
                  | field. (EV +3) [demonic ancestry]
  7307 | D:6      | Reached XP level 8. HP: 64/64 MP: 11/11
  7492 | Temple   | Entered the Ecumenical Temple
  7685 | Temple   | Became a worshipper of Cheibriados the Contemplative
  8108 | D:6      | HP: 2/65 [ice beast (5)]
  8111 | D:6      | Reached skill level 6 in Unarmed Combat
  9512 | D:7      | Reached * piety under Cheibriados
  9633 | D:7      | Gained mutation: You may rarely emit foul miasma when
                  | damaged in melee. [demonic ancestry]
  9633 | D:7      | Reached XP level 9. HP: 44/74 MP: 12/12
  9640 | D:7      | Reached skill level 7 in Unarmed Combat
  9748 | D:7      | Reached skill level 8 in Unarmed Combat
  9872 | D:7      | Found Fasaatypt's Vocational Training.
  9907 | D:7      | Found Udo Olu's Book Boutique.
 10372 | D:8      | Reached skill level 1 in Invocations
 10421 | D:8      | Noticed Psyche
 10433 | D:8      | Killed Psyche
 10434 | D:8      | Reached skill level 9 in Unarmed Combat
 10434 | D:8      | Reached skill level 1 in Evocations
 10563 | D:8      | Reached ** piety under Cheibriados
 10791 | D:8      | Noticed an eight-headed hydra
 10796 | D:8      | Noticed Maurice
 10798 | D:8      | Slain by an eight-headed hydra

Illustrated notes

Levels and vault maps discovered:
D:1:      onia_arrival_handbag, layout_rooms, dreamdust_ecumenical_altar_statues
D:2:      layout_loops_cross
D:3:      layout_loops_ring, dk_noncrumbling_4,
          hangedman_abyss_or_decor_lesser_grid
D:4:      layout_loops_corners
D:5:      layout_rooms, minmay_temple_entry_offerings,
          gammafunk_ghost_gnarly_gnolls, nicolae_grassy_gnolls
D:6:      layout_loops_ring, roderic_lattice_a
D:7:      layout_basic, serial_shops, shop, minmay_misc_feat_four_crosses,
          corexii_hall_statues_l, nicolae_shop_vocational
D:8:      cheibrodos_quashed, layout_layer_cave, nzn_hepliaklqana_mist_gate,
          nicolae_gozag_seed_capital, uniq_maurice, uniq_psyche
Temple:   nicolae_temple_slightly_damp_pantheon

Skill      XL: |  1  2  3  4  5  6  7  8  9 |
---------------+----------------------------+-----
Transmutations | 1 2 |  2.4
Fighting       | 1 2 3 4 6 7 8 |  8.0
Short Blades   | 1 |  1.7
Unarmed Combat | 1 2 3 5 6 9 |  9.3
Invocations    | 3 |  3.5
Evocations     | 2 |  2.6
Dodging        | 2 |  2.1
Stealth        | |  1.8
Spellcasting   | |  2.0
Earth Magic    | |  2.7

Action                   |  1- 3 |  4- 6 |  7- 9 || total
-------------------------+-------+-------+-------++-------
Melee: Unarmed           |    18 |       |   329 ||   347
       Short sword       |    59 |   120 |    23 ||   202
       Touch             |       |    34 |    84 ||   118
       Punch             |       |     1 |    22 ||    23
 Cast: Sandblast         |    49 |     2 |       ||    51
Evoke: Wand              |       |       |     4 ||     4
  Use: Scroll            |       |     9 |     6 ||    15
       Potion            |       |     3 |     5 ||     8
 Stab: Distracted        |     1 |       |       ||     1
       Sleeping          |       |     6 |     4 ||    10
Armor: Robe              |    25 |    16 |    34 ||    75
       Leather armour    |       |       |    15 ||    15
Dodge: Dodged            |    93 |   109 |   227 ||   429

Table legend: (Time is in decaauts)
 A = Elapsed time spent in this place.
 B = Non-inter-level travel time spent in this place.
 C = Inter-level travel time spent in this place.
 D = Time resting spent in this place.
 E = Time spent auto-exploring this place.
 F = Levels seen in this place.
 G = Mean time per level.
                   A        B        C        D        E       F      G
               +--------+--------+--------+--------+--------+-----+--------+
         Total |  11483 |  10754 |    729 |    928 |   8440 |   9 | 1275.9 |
       Dungeon |  11273 |  10610 |    663 |    928 |   8316 |   8 | 1409.1 |
        Temple |    209 |    143 |     66 |      0 |    124 |   1 |  209.0 |
               +--------+--------+--------+--------+--------+-----+--------+

Top non-repeatable levels by time:
     D:4: 1848 daAuts
     D:6: 1798 daAuts
     D:2: 1665 daAuts
     D:5: 1600 daAuts
     D:1: 1534 daAuts
     D:7: 1270 daAuts
     D:3: 967 daAuts
     D:8: 588 daAuts
  Temple: 209 daAuts
